 Dungeon Crawl Stone Soup version 0.30-a0-371-gad7725a93e (webtiles) character file.

Game seed: 10417893895249551324

22 Shayle the Chopper (level 2, 0/27 HPs)
             Began as a Naga Reaver on Nov 22, 2022.
             Slain by a kobold
             ... wielding a +0 dagger
              (1 damage)
             ... on level 1 of the Dungeon.
             The game lasted 00:04:10 (257 turns).

Shayle the Chopper (Naga Reaver)                     Turns: 257, Time: 00:04:11

Health: 0/27       AC:  5    Str: 14    XL:     2   Next: 91%
Magic:  5/5        EV:  9    Int: 13    God:
Gold:   25         SH:  0    Dex:  9    Spells: 4/5 levels left

rFire   . . .      SeeInvis +    a - +0 hand axe
rCold   . . .      Faith    .    (no shield)
rNeg    . . .      Spirit   .    b - +1 leather armour
rPois   +          Reflect  .    (no helmet)
rElec   .          Harm     .    (no cloak)
rCorr   .          Rampage  .    (no gloves)
Will    .....                    (no barding)
Stlth   +.........               (no amulet)
HPRegen 0.24/turn                (no ring)
MPRegen 0.09/turn                (no ring)

@: short of breath, very slow
A: AC +0, large, see invisible, deformed body, poison resistance, slowness 2,
spit poison 1, naga tail 1, iridescent scales 1, screaming 1, evolution 1
a: Spit Poison


You were on level 1 of the Dungeon.
You visited 1 branch of the dungeon, and saw 1 of its levels.

You collected 25 gold pieces.

Inventory:

Hand Weapons
 a - a +0 hand axe (weapon)
Armour
 b - a +1 leather armour (worn)
Scrolls
 c - a scroll of identify {unknown}
 d - a scroll of enchant armour
 f - a scroll of teleportation {unknown}


   Skills:
 + Level 2.3 Fighting
 + Level 3.2 Axes
 + Level 1.9 Dodging
 + Level 1.8 Stealth
 - Level 2.0 Spellcasting
 - Level 3.0 Conjurations


You had 4 spell levels left.
You knew the following spells:

 Your Spells              Type           Power      Damage    Failure   Level
a - Kiss of Death         Conj/Necr      20%        2d7       17%         1

Your spell library contained the following spells:

 Spells                   Type           Power      Damage    Failure   Level
 Momentum Strike          Conj/Tloc      10%        3d8       26%         2
 Hailstorm                Conj/Ice       5%         3d4       45%         3
 Ignite Poison            Fire/Tmut/Pois 1%         N/A       67%         3
 Sticky Flame             Conj/Fire      5%         2d3       86%         4
 Ignition                 Fire           0%         3d3       100%        8


Dungeon Overview and Level Annotations

Branches:
Dungeon (1/15)

Altars:


Innate Abilities, Weirdness & Mutations

Your serpentine skin is tough. (AC +0)
You have supernaturally acute eyesight. (SInv)
Armour fits poorly on your strangely shaped body.
Your system is resistant to poisons. (rPois)
You cover ground very slowly.
You can spit poison.
You have a snake-like lower body.
You are partially covered in iridescent scales. (AC +2)
You occasionally shout uncontrollably at your foes.
You have hidden genetic potential.


Message History

You feel a hidden potential growing inside you.
The jackal barely misses you.
A kobold comes into view. It is wielding a +0 dagger.
The jackal bites you.
* * * LOW HITPOINT WARNING * * *
The kobold closely misses you. The hobgoblin barely misses you.
As you read the scroll labelled COBRIEGAEPH, it crumbles to dust.
It is a scroll of enchant armour.
Your +0 leather armour glows green for a moment.
You have got your breath back.
The kobold shouts!
The jackal barely misses you. The hobgoblin barely misses you.
The kobold closely misses you.
You aren't carrying any potions.
Unknown command.
You hit the kobold.
The kobold is heavily wounded.
You miss the jackal. You barely miss the hobgoblin.
The jackal looks more healthy.
The jackal barely misses you. x2
The hobgoblin closely misses you. The kobold hits you with a +0 dagger.
* * * LOW HITPOINT WARNING * * *
Unknown command.
Aiming: Spit Poison (2% risk of failure)
Press: ? - help, Shift-Dir - straight line, f - kobold, p - jackal
Aim: a kobold, wielding a +0 dagger and quivering stones (heavily wounded, 50% to hit)
The splash of poison misses the kobold.
The jackal bites you.
* * * LOW HITPOINT WARNING * * *
The kobold hits you with a +0 dagger.
* * * LOW HITPOINT WARNING * * *
The hobgoblin hits you but does no damage.
Casting: Kiss of Death (safe; 17% risk of failure)
Confirm with . or Enter, or press ? or * to list all spells.
You don't know that spell.
You hit the jackal but do no damage.
The jackal is almost dead.
You hit the kobold. You hit the hobgoblin but do no damage.
The jackal closely misses you.
The hobgoblin hits you but does no damage.
The kobold hits you with a +0 dagger.
You die...

#...........#
###'#########
#..# ##.##
#..# ##.##
####.)####
#........#
#...@.##.#
#..Kgh# .#
#....... ..
#...K.### [
#.....#
.......
........
..........


You could see a jackal, a hobgoblin and 2 kobolds.

Vanquished Creatures
  3 dart slugs (D:1)
  A bat (D:1)
  3 giant cockroaches (D:1)
  2 kobolds (D:1)
  2 quokkas (D:1)
  2 ball pythons (D:1)
  A rat (D:1)
14 creatures vanquished.

Notes
Turn   | Place    | Note
-------+----------+-------------------------------------------
     0 | D:1      | Shayle the Naga Reaver began the quest for the Orb.
     0 | D:1      | Reached XP level 1. HP: 19/19 MP: 3/3
    77 | D:1      | Reached skill level 1 in Stealth
   115 | D:1      | Reached XP level 2. HP: 26/26 MP: 5/5
   210 | D:1      | Found a faded altar of an unknown god.
   253 | D:1      | Gained mutation: You are partially covered in iridescent
                  | scales. (AC +2) [potion of mutation]
   253 | D:1      | Gained mutation: You occasionally shout uncontrollably at
                  | your foes. [potion of mutation]
   253 | D:1      | Gained mutation: You have hidden genetic potential. [potion
                  | of mutation]
   256 | D:1      | HP: 1/27 [kobold/+0 dagger (3)]
   257 | D:1      | Slain by a kobold

Illustrated notes

Levels and vault maps discovered:
D:1:      nicolae_arrival_washed_ashore, layout_basic,
          shapermc_ecumenical_altar_acropolis, serial_bayou_pond_b

Skill      XL: |  1 |
---------------+----+-----
Stealth        | 1 |  1.8
Fighting       | |  2.3
Axes           | |  3.2
Dodging        | |  1.9
Spellcasting   | |  2.0
Conjurations   | |  3.0

Action                   || total
-------------------------++-------
Melee: Hand axe          ||    33
 Abil: Spit Poison       ||    10
  Use: Scroll            ||     1
       Potion            ||     1
Armor: Leather armour    ||    16
Dodge: Dodged            ||    39

Table legend: (Time is in decaauts)
 A = Elapsed time spent in this place.
 B = Non-inter-level travel time spent in this place.
 C = Inter-level travel time spent in this place.
 D = Time resting spent in this place.
 E = Time spent auto-exploring this place.
 F = Levels seen in this place.
 G = Mean time per level.
                   A        B        C        D        E       F      G
               +--------+--------+--------+--------+--------+-----+--------+
         Total |    331 |    331 |      0 |      0 |    148 |   1 |  331.0 |
       Dungeon |    331 |    331 |      0 |      0 |    148 |   1 |  331.0 |
               +--------+--------+--------+--------+--------+-----+--------+

Top non-repeatable levels by time:
     D:1: 331 daAuts
